Map: Ulrena

Players

slavatron

  • Race: Terran Terran
  • League: Gold
  • Spawn Location: 11:00

zidar - Winner!

  • Race: Zerg Zerg
  • League: Gold
  • Spawn Location: 7:00

VOD

Have the link to the VOD?

Description

Time

  • Played on: June 18, 2016, 11:44 a.m.
  • Length: 4:42
Show
View Real Time Build Order
Export as new Build Order

slavatron Terran 

Build Orders: Gas First Reaper Expand 

Get SALT Encoding   

  12  0:02  SCV  
  13  0:14  SCV  
  13  0:19  Supply Depot  
  14  0:25  Refinery  
  14  0:29  SCV  
  15  0:42  Barracks  
  15  0:46  SCV  
  16  0:58  SCV  
  17  1:11  SCV  
  18  1:23  SCV  
  19  1:29  Reaper  
  20  1:35  Command Center  
  20  1:36  SCV  
  21  1:48  Refinery  
  21  1:50  SCV  
  22  1:55  Supply Depot  
  22  2:02  SCV  
  23  2:13  Factory  
  23  2:16  SCV  
  24  2:41  SCV  
  24  2:48  Barracks Tech Lab, Engineering Bay  
  24  2:56  Factory Tech Lab  
  24  2:57  Supply Depot  
  24  2:58  SCV  
  24  3:00  SCV  
  26  3:13  Planetary Fortress  
  26  3:17  SCV  
  26  3:18  Marauder  
  29  3:23  Supply Depot  
  29  3:29  SCV  
  29  3:32  Siege Tank  
  33  3:38  Supply Depot  
  30  4:03  Marine  
  19  4:13  SCV x2  
  9  4:21  Marine  
  10  4:25  SCV  
Show
View Real Time Build Order
Export as new Build Order

zidar Zerg - Winner!

Build Orders: Hatch First 

Get SALT Encoding   

  12  0:01  Drone  
  13  0:12  Overlord  
  13  0:17  Drone  
  14  0:30  Drone x2  
  16  0:51  Hatchery  
  16  0:52  Drone  
  16  0:56  Extractor  
  15  0:58  Drone  
  16  1:15  Spawning Pool  
  15  1:20  Drone  
  15  1:24  Drone  
  17  1:37  Overlord  
  17  2:02  Metabolic Boost  
  17  2:03  Queen  
  17  2:04  Queen  
  17  2:05  Zergling x2  
  22  2:09  Zergling x2  
  22  2:12  Zergling x2  
  23  2:47  Zergling x10  
  23  2:48  Zergling x2  
  29  3:05  Drone x2  
  31  3:39  Overlord x3, Baneling Nest  
  31  3:40  Drone x5  
  34  4:18  Drone x7  
Tags
 
Add a new tag
Caveats
  • Supply blocks, unpowered buildings, or Contaminate may cause inaccurate times.
  • Supply counts are checked every 10 seconds.